 Dungeon Crawl Stone Soup version 0.19.1 (webtiles) character file.

219547 Pentrack the Eclecticist (level 19, -2/128 HPs)
             Began as a Gargoyle Earth Elementalist on Dec 2, 2016.
             Was the Champion of Vehumet.
             Slain by a halberd of freezing (12 damage)
             ... on level 1 of the Elven Halls.
             The game lasted 03:20:19 (52596 turns).

Pentrack the Eclecticist (GrEE)                    Turns: 52596, Time: 03:20:20

Health: -2/128     AC: 35    Str: 14      XL:     19   Next: 15%
Magic:  7/47       EV: 15    Int: 29 (30) God:    Vehumet [******]
Gold:   2197       SH:  0    Dex:  7 (10) Spells: 8 memorised, 15 levels left

rFire  + + .     SeeInvis .     w - +4 halberd "Reygenn" {chop, MP+9}
rCold  + . .     Gourm    .     x - +3 leather armour of Icsyips {Regen+ Slay+2}
rNeg   + . .     Faith    .     (shield currently unavailable)
rPois  ∞         Spirit   .     b - +1 helmet {Int+3}
rElec  +         Reflect  .     s - +2 cloak {rC+}
rCorr  +         Harm     .     B - +0 pair of gloves
MR     +....                    M - +2 pair of boots
Stlth  ++........               E - amulet of magic regeneration
                                j - +3 ring of protection
                                N - ring "Wotey" {+Inv rF+ rC- Int+5 Stlth+}

@: resistant, flying, very slightly contaminated, studying Throwing
A: big wings, mutation resistance 1, negative energy resistance 1, robust 1,
electricity resistance, unbreathing, petrification resistance, rot immunity, AC
+13
a: Stop Flying, Renounce Religion, Evoke Invisibility
}: 1/15 runes: barnacled


You were on level 1 of the Elven Halls.
You worshipped Vehumet.
Vehumet was exalted by your worship.
You were not hungry.

You visited 7 branches of the dungeon, and saw 30 of its levels.
You also visited: Ice Cave.

You collected 3043 gold pieces.
You spent 846 gold pieces at shops.

Inventory:

Hand Weapons
 t - the +7 demon blade "Zigo" {vamp, rN+}
   (You found it on level 4 of the Shoals)

   It inflicts no extra harm, but heals its wielder when it wounds a living foe.
   It protects you from negative energy.
 u - the +10 spear of Calculation {pierce, rN+}
   (You took it off a merfolk aquamancer on level 4 of the Shoals)

   It inflicts extra damage upon your enemies.
   It protects you from negative energy.
 w - the +4 halberd "Reygenn" (weapon) {chop, MP+9}
   (You found it in an ice cave)

   It inflicts extra damage upon your enemies.
   It affects your magic capacity (+9).
Missiles
 e - 70 stones
 f - 37 javelins of penetration (quivered)
Armour
 b - a +1 helmet of intelligence (worn)
 s - a +2 cloak of cold resistance (worn)
 x - the +3 leather armour of Icsyips (worn) {Regen+ Slay+2}
   (You took it off a merfolk aquamancer on level 4 of the Shoals)

   It affects your accuracy and damage with ranged weapons and melee attacks
   (+2).
   It increases your rate of regeneration.
 B - a +0 pair of gloves (worn)
 J - a +3 leather armour of magic resistance
 M - a +2 pair of boots (worn)
Magical Staves
 F - an uncursed staff of power
Jewellery
 j - a +3 ring of protection (right hand)
 C - an uncursed ring of see invisible
 E - an amulet of magic regeneration (around neck)
 N - the ring "Wotey" (left hand) {+Inv rF+ rC- Int+5 Stlth+}
   (You acquired it on level 3 of the Lair of Beasts)

   [ring of stealth]

   It affects your intelligence (+5).
   It protects you from fire.
   It makes you vulnerable to cold.
   It lets you turn invisible.
   It makes you more stealthy.
Wands
 c - a wand of iceblast (0/15)
 i - a wand of digging (3/24)
 q - a wand of disintegration (20/24)
 X - a wand of slowing (17/48)
 Y - a wand of disintegration (11/24)
Scrolls
 r - 2 scrolls of immolation
 v - 5 scrolls of fog
 z - 3 scrolls of recharging
 G - 6 scrolls of remove curse
 L - 2 scrolls of amnesia
Potions
 l - a potion of cancellation
Books
 k - a book of Frost

   Spells                             Type                      Level
   a - Freeze                         Ice                          1
   b - Throw Frost                    Conjuration/Ice              2
   c - Ozocubu's Armour               Charms/Ice                   3
   d - Throw Icicle                   Conjuration/Ice              4
   e - Summon Ice Beast               Ice/Summoning                4
 n - a manual of Throwing
 p - the Almanac of Enthralling Black Arts
   (You found it on level 4 of the Shoals)

   Spells                             Type                      Level
   a - Animate Skeleton               Necromancy                   1
   b - Pain                           Necromancy                   1
   c - Fulminant Prism                Conjuration/Hexes            4
   d - Animate Dead                   Necromancy                   4
   e - Summon Mana Viper              Hexes/Summoning              5
   f - Silence                        Hexes/Air                    5
Comestibles
 a - 2 beef jerkies
 d - 10 bread rations
 g - 7 meat rations


   Skills:
 + Level 12.5 Fighting
   Level 9.4 Maces & Flails
 + Level 5.5 Polearms
 + Level 12.6 Armour
 + Level 9.8 Dodging
 - Level 2.1 Stealth
 * Level 15.8 Spellcasting
 + Level 13.1 Conjurations
 - Level 0.7 Transmutations
 * Level 8.9 Fire Magic
 + Level 14.6 Earth Magic


You had 15 spell levels left.
You knew the following spells:

 Your Spells              Type           Power        Failure   Level  Hunger
a - Mephitic Cloud        Conj/Pois/Air  #####...     1%          3    None
b - Stone Arrow           Conj/Erth      ######       1%          3    None
c - Lee's Rapid Deconstr  Erth           #######...   1%          5    None
d - Irradiate             Conj/Tmut      ######....   1%          5    None
e - Iron Shot             Conj/Erth      #######...   1%          6    ###....
f - Bolt of Draining      Conj/Necr      ######....   1%          5    None
m - Bolt of Magma         Conj/Fire/Erth #######...   1%          5    None
r - Repel Missiles        Chrm/Air       ###...       4%          2    None


Dungeon Overview and Level Annotations

Branches:
Dungeon (15/15)            Temple (1/1) D:4            Lair (6/6) D:10
 Shoals (4/4) Lair:2       Spider (1/4) Lair:4        Slime (0/5) Lair:6
    Orc (2/2) D:10            Elf (1/3) Orc:2        Vaults (0/5) D:14
 Depths (0/5) D:15

Altars:
Ashenzari
Cheibriados
Dithmenos
Elyvilon
Fedhas
Gozag
Hepliaklqana
Kikubaaqudgha
Makhleb
Nemelex Xobeh
Okawaru
Qazlal
Ru
Sif Muna
Trog
Uskayaw
Vehumet
Xom
Yredelemnul
Zin
The Shining One
Beogh

Shops:
D:6 [   D:9 (   Orc:2 !%}!   Shoals:2 }


Innate Abilities, Weirdness & Mutations

You are resistant to torment.
Your stone body is resilient. (AC +13)
You are immune to poison.
Your large and strong wings let you fly indefinitely.
You resist negative energy. (rN+)
You are resistant to electric shocks. (rElec)
You can survive without breathing.
You are immune to petrification.
You are immune to rotting.
You are somewhat resistant to further mutation.
You are robust. (+10% HP)


Message History

* * * LOW HITPOINT WARNING * * *
The halberd of freezing freezes you.
* * * LOW HITPOINT WARNING * * *
You see here an arrow.
As you read the scroll of fog, it crumbles to dust.
The scroll dissolves into smoke.
The halberd of freezing hits you but does no damage.
The deep elf archer blinks!
Found a beef jerky.
Attack whom?
Press: ? - help, Dir - move target cursor, f/p - halberd of freezing
Aim: a halberd of freezing (purple smoke, heavily damaged)
Okay, then.
The halberd of freezing closely misses you.
The halberd of freezing hits you from afar.
* * * LOW HITPOINT WARNING * * *
There is a stone staircase leading down here.
Unknown command.
The halberd of freezing hits you from afar!
You die...

#....e..........
#§§.......# ..#
#.§§§.....##..#.
#.#§§.§§§........
##§§§§§......#
#.§§§e[.....#
#e####(..###..
#.# ##...# ####.#
#...@# #....##
#.#...#
#(##..##.#####.
#(....#.# #%
#(....## #.
#e))..# ..
#..)..# .#
##.))..## #
######).######


You could see a deep elf annihilator and a halberd of freezing.

Vanquished Creatures
  Nikola (Shoals:1)
  The ghost of loom the Slayer, a veteran GrBe of Trog (Shoals:4)
  A kraken (Shoals:4)
  Gastronok (D:8)
  Polyphemus (Shoals:2)
  The ghost of TheSquall the Warrior, an adept MiFi of Okawaru (Shoals:3)
  Kirke (D:13)
  Roxanne (Shoals:1)
  Ilsuiw (Shoals:4)
  A frost giant (IceCv)
  A ghost moth (Spider:1)
  3 stone giants
  Azrael (Spider:1)
  An ettin (D:15)
  Josephine (Lair:2)
  6 merfolk javelineers (Shoals:4)
  An ice dragon (Lair:6)
  14 merfolk impalers
  9 hydras
  A vault guard (D:14)
  Harold (Lair:4)
  4 merfolk avatars
  6 centaur warriors
  Erica (D:8)
  3 catoblepae
  A death knight (D:14)
  3 alligator snapping turtles
  10 death yaks
  2 satyrs
  An ogre mage (D:15)
  11 merfolk aquamancers
  A tengu warrior (D:13)
  4 orc high priests (Orc:2)
  Nergalle (D:11)
  Sonja (D:13)
  Urug (D:12)
  2 deep elf knights (Elf:1)
  9 skeletal warriors
  An unseen horror (D:14)
  17 sea snakes
  A kraken simulacrum (Shoals:4)
  6 orc knights
  8 hill giants
  19 harpies
  2 lindwurms (Lair:6)
  Pikel (D:4)
  6 deep elf magi
  16 wolf spiders (Spider:1)
  4 orb spiders
  8 cyclopes
  5 orc sorcerers
  A moth of wrath (Spider:1)
  8 fauns
  16 manticores
  18 sirens
  3 centaur zombies
  5 elephants (Lair:6)
  5 water nymphs
  8 black mambas
  2 ice statues (IceCv)
  10 torpor snails
  13 spiny frogs
  The ghost of Reckoning the Poker, a novice DsWn (D:5)
  Psyche (D:8)
  3 centaur skeletons
  2 rime drakes (Lair:6)
  4 demonic crawlers (Spider:1)
  4 komodo dragons
  2 ice devils (Lair:3)
  A tengu conjurer (D:13)
  2 wind drakes
  42 merfolk
  11 jumping spiders (Spider:1)
  13 polar bears
  7 hornets
  3 tyrant leeches (Lair:6)
  6 trolls
  2 two-headed ogres
  18 hippogriffs
  16 snapping turtles
  12 blink frogs
  11 dream sheep
  12 slime creatures
  14 redbacks (Spider:1)
  19 water elementals
  3 shadows
  2 vampires
  8 tarantellas (Spider:1)
  83 yaks
  5 wyverns
  7 wraiths
  5 basilisks
  2 hogs (D:13)
  Grum (Lair:1)
  3 fire elementals (Spider:1)
  2 hungry ghosts (D:10)
  2 steam dragons
  8 vampire mosquitoes
  A mottled dragon (D:11)
  2 wargs
  Duvessa (D:5)
  4 hell hounds (Spider:1)
  21 water moccasins
  8 porcupines
  20 orc warriors
  3 ice beasts
  6 phantoms
  2 sky beasts
  A necrophage (D:15)
  23 wolves
  11 ogres
  17 centaurs
  16 crocodiles
  18 bullfrogs
  A big kobold (D:7)
  Dowan (D:5)
  6 scorpions
  A troll zombie (D:10)
  11 killer bees
  3 wights
  2 electric eels (Lair:2)
  8 howler monkeys
  4 crimson imps
  2 jellies
  2 bullfrog zombies
  19 orc priests
  5 hounds
  A quasit (D:11)
  26 orc wizards
  4 bullfrog skeletons
  Jessica (D:2)
  10 iguanas
  3 worker ants
  5 ogre zombies (D:10)
  2 hound zombies
  A hound skeleton (D:8)
  A howler monkey skeleton (D:4)
  Robin (D:2)
  9 adders
  7 river rats
  6 shadow imps
  2 oozes
  5 dart slugs
  3 leopard geckos
  71 orcs
  A ball python (D:3)
  4 giant cockroaches
  11 goblins
  9 hobgoblins
  8 jackals
  5 quokkas
  11 bats
  5 frilled lizards
  A goblin skeleton (D:10)
  4 goblin zombies (D:10)
  A hobgoblin skeleton (D:10)
  A hobgoblin zombie (D:10)
  8 kobolds
  12 orc zombies (D:10)
  2 quokka skeletons
  6 rats
  3 fungi
  2 plants
  A tentacle (Shoals:4)
1102 creatures vanquished.

Vanquished Creatures (others)
  A deep elf mage (Elf:1)
  A human (D:13)
  A centaur (D:8)
  An orc wizard (Orc:2)
  3 orcs
  25 fungi
  48 plants
  11 tentacles (Shoals:4)
91 creatures vanquished.

Grand Total: 1193 creatures vanquished

Notes
Turn   | Place    | Note
-------+----------+-------------------------------------------
     0 | D:1      | Pentrack the Gargoyle Earth Elementalist began the quest for the Orb.
     0 | D:1      | Reached XP level 1. HP: 10/10 MP: 3/3
   165 | D:1      | Reached XP level 2. HP: 15/15 MP: 3/5
   538 | D:1      | Reached XP level 3. HP: 19/19 MP: 7/7
   543 | D:1      | Learned a level 3 spell: Stone Arrow
   576 | D:2      | Noticed Robin
   814 | D:2      | Killed Robin
   814 | D:2      | Reached skill level 3 in Spellcasting
   989 | D:2      | Noticed Jessica
  1039 | D:2      | Reached XP level 4. HP: 23/24 MP: 8/8
  1142 | D:2      | Killed Jessica
  1142 | D:2      | Reached skill level 1 in Conjurations
  1515 | D:2      | Reached XP level 5. HP: 28/28 MP: 10/10
  1584 | D:2      | Learned a level 5 spell: Lee's Rapid Deconstruction
  1834 | D:2      | Reached skill level 5 in Earth Magic
  2031 | D:3      | Reached skill level 4 in Spellcasting
  2516 | D:4      | Found a staircase to the Ecumenical Temple.
  2519 | Temple   | Entered the Ecumenical Temple
  2589 | Temple   | Became a worshipper of Vehumet
  2910 | D:4      | Noticed Pikel
  2910 | D:4      | Noticed a slave
  2911 | D:4      | Noticed a slave
  2911 | D:4      | Noticed a slave
  2911 | D:4      | Noticed a slave
  2944 | D:4      | Killed Pikel
  2944 | D:4      | Reached skill level 5 in Spellcasting
  2944 | D:4      | Reached XP level 6. HP: 17/32 MP: 2/14
  2944 | D:4      | Reached XP level 7. HP: 19/36 MP: 2/15
  3912 | D:5      | Entered Level 5 of the Dungeon
  4366 | D:5      | Noticed Duvessa
  4366 | D:5      | Noticed Dowan
  4374 | D:5      | Killed Duvessa
  4374 | D:5      | Reached skill level 6 in Spellcasting
  4374 | D:5      | Reached XP level 8. HP: 41/41 MP: 9/17
  4376 | D:5      | Killed Dowan
  5171 | D:5      | Noticed Reckoning's ghost (novice DsWn)
  5566 | D:5      | Reached skill level 5 in Conjurations
  5576 | D:5      | Reached skill level 7 in Spellcasting
  5683 | D:5      | Found a snail-covered altar of Cheibriados.
  5684 | D:5      | Found a sparkling altar of Nemelex Xobeh.
  5797 | D:5      | Killed Reckoning's ghost
  5839 | D:5      | Reached XP level 9. HP: 45/45 MP: 17/20
  6160 | D:6      | Found Gikasigu's Armour Shop.
  6179 | D:6      | Reached skill level 8 in Spellcasting
  6641 | D:6      | Reached * piety under Vehumet
  6641 | D:6      | Offered knowledge of Sting by Vehumet.
  6789 | D:6      | Reached skill level 1 in Armour
  6890 | D:6      | Reached skill level 1 in Fighting
  7307 | D:7      | Reached skill level 1 in Maces & Flails
  7417 | D:7      | Got a translucent mace
  7437 | D:7      | Identified the +1 mace of Ascent {antimagic, MR+++} (You found it on level 7 of the Dungeon)
  7780 | D:6      | Offered knowledge of Flame Tongue by Vehumet.
  8035 | D:7      | Reached ** piety under Vehumet
  8397 | D:7      | Reached XP level 10. HP: 55/55 MP: 22/22
  8801 | D:8      | Noticed Psyche
  8804 | D:8      | Killed Psyche
  8804 | D:8      | Reached skill level 9 in Spellcasting
  8969 | D:8      | Noticed Erica
  9004 | D:8      | Killed Erica
  9253 | D:8      | Noticed Gastronok
  9269 | D:8      | Killed Gastronok
  9274 | D:8      | Reached XP level 11. HP: 59/62 MP: 11/24
  9495 | D:8      | Found a hazy altar of Hepliaklqana.
  9539 | D:8      | Offered knowledge of Conjure Flame by Vehumet.
  9873 | D:9      | Found Vaaz's Antique Weapon Emporium.
 10718 | D:9      | Gained mutation: You have a pair of small horns on your head. [potion of mutation]
 10718 | D:9      | Gained mutation: Your muscles are strong. (Str +2) [potion of mutation]
 10718 | D:9      | Gained mutation: Your magical capacity is low. (-10% MP) [potion of mutation]
 10719 | D:9      | Lost mutation: Your muscles are strong. (Str +2) [potion of cure mutation]
 10719 | D:9      | Lost mutation: Your magical capacity is low. (-10% MP) [potion of cure mutation]
 10719 | D:9      | Lost mutation: You have a pair of small horns on your head. [potion of cure mutation]
 10752 | D:10     | Entered Level 10 of the Dungeon
 10946 | D:10     | Reached skill level 10 in Spellcasting
 11072 | D:10     | Reached *** piety under Vehumet
 11101 | D:10     | Got a faintly humming scale mail
 11120 | D:10     | Noticed a hill giant
 11129 | D:10     | Killed a hill giant
 11129 | D:10     | Reached skill level 5 in Fighting
 11472 | D:9      | Learned a level 5 spell: Bolt of Magma
 11479 | D:9      | Learned a level 6 spell: Iron Shot
 11543 | D:10     | Offered knowledge of Throw Icicle by Vehumet.
 11595 | D:10     | Reached skill level 5 in Armour
 12313 | D:10     | Found a staircase to the Orcish Mines.
 12380 | D:10     | Reached **** piety under Vehumet
 12547 | D:10     | Offered knowledge of Irradiate by Vehumet.
 12554 | D:10     | Learned a level 5 spell: Irradiate
 13024 | D:10     | Found a staircase to the Lair.
 13412 | D:11     | Reached skill level 10 in Earth Magic
 13652 | D:11     | Noticed Nergalle
 13660 | D:11     | Killed Nergalle
 13660 | D:11     | Reached skill level 5 in Maces & Flails
 13660 | D:11     | Reached XP level 12. HP: 69/69 MP: 3/26
 14716 | Lair:1   | Entered Level 1 of the Lair of Beasts
 15306 | Lair:1   | Noticed Grum
 15312 | Lair:1   | Reached skill level 5 in Dodging
 15318 | Lair:1   | Killed Grum
 15947 | Lair:1   | Reached skill level 11 in Spellcasting
 16154 | Lair:2   | Noticed a six-headed hydra
 16161 | Lair:2   | Killed a six-headed hydra
 16372 | Lair:2   | Identified a scroll of acquirement
 16386 | Lair:2   | Identified the cursed +1 scale mail of Time Monsters {Int+3} (You found it on level 10 of the Dungeon)
 16738 | Lair:2   | Reached ***** piety under Vehumet
 16941 | Lair:2   | Offered knowledge of Airstrike by Vehumet.
 17510 | Lair:2   | Found a staircase to the Shoals.
 17920 | Lair:2   | Reached XP level 13. HP: 66/76 MP: 10/28
 18154 | Lair:3   | Found a frozen archway.
 18271 | IceCv    | Entered an ice cave
 18900 | IceCv    | Gained mutation: You are somewhat resistant to further mutation. [potion of beneficial mutation]
 18901 | IceCv    | Gained mutation: You are robust. (+10% HP) [potion of beneficial mutation]
 19907 | IceCv    | Noticed a frost giant
 19926 | IceCv    | Killed a frost giant
 19928 | IceCv    | Got a dazzling battleaxe {chop}
 20240 | IceCv    | Identified the cursed +1 battleaxe of the Valley {chop, Fragile rPois rC+++} (You took it off a frost giant in an ice cave)
 20334 | IceCv    | Got a polished halberd
 20752 | IceCv    | Identified the +4 halberd "Reygenn" {chop, MP+9} (You found it in an ice cave)
 21106 | Lair:3   | Reached skill level 12 in Spellcasting
 21342 | Lair:3   | Got a transparent ivory ring
 21344 | Lair:3   | Identified the ring "Wotey" {+Inv rF+ rC- Int+5 Stlth+} (You acquired it on level 3 of the Lair of Beasts)
 21530 | Lair:3   | Learned a level 2 spell: Repel Missiles
 21750 | Lair:3   | Identified a +1 rod of inaccuracy (11/11) (You found it on level 3 of the Lair of Beasts)
 22282 | Lair:4   | Reached skill level 10 in Conjurations
 22358 | Lair:4   | Noticed Harold
 22364 | Lair:4   | Killed Harold
 22884 | Lair:4   | Found a hole to the Spider Nest.
 23180 | Lair:4   | Gained mutation: Your large and strong wings let you fly indefinitely. [Gargoyle growth]
 23180 | Lair:4   | Reached XP level 14. HP: 92/92 MP: 30/30
 23805 | Lair:5   | Offered knowledge of Lightning Bolt by Vehumet.
 24753 | Lair:6   | Entered Level 6 of the Lair of Beasts
 25010 | Lair:6   | Learned a level 5 spell: Bolt of Draining
 25605 | Lair:6   | Found a staircase to the Slime Pits.
 26408 | Lair:6   | Reached skill level 13 in Spellcasting
 27175 | Lair:6   | Offered knowledge of Iskenderun's Battlesphere by Vehumet.
 27175 | Lair:6   | Reached XP level 15. HP: 73/101 MP: 24/32
 27444 | Lair:6   | Found a runed door.
 29027 | D:12     | Noticed Urug
 29030 | D:12     | Killed Urug
 29324 | D:13     | Reached skill level 10 in Fighting
 29459 | D:13     | Noticed Sonja
 29459 | D:13     | Killed Sonja
 29888 | D:13     | Noticed Kirke
 29892 | D:13     | Killed Kirke
 30195 | D:13     | Reached skill level 10 in Armour
 31038 | D:14     | Got a crude long sword {slice}
 31408 | D:14     | Found a gate to the Vaults.
 31427 | D:14     | Identified the cursed +3 long sword of Kismet {slice, rF- Str+4 Dex+3} (You took it off a vampire on level 14 of the Dungeon)
 32453 | D:15     | Entered Level 15 of the Dungeon
 32455 | D:15     | Reached skill level 14 in Spellcasting
 32593 | D:15     | Reached XP level 16. HP: 71/107 MP: 17/34
 33101 | D:15     | Offered knowledge of Freezing Cloud by Vehumet.
 33543 | D:15     | Reached skill level 1 in Fire Magic
 33782 | D:15     | Found a staircase to the Depths.
 34315 | D:15     | Learned a level 3 spell: Mephitic Cloud
 34456 | Orc:1    | Entered Level 1 of the Orcish Mines
 34489 | Orc:1    | Found Jiskugoh's Food Shop.
 35073 | Orc:1    | Found a roughly hewn altar of Beogh.
 35285 | Orc:2    | Entered Level 2 of the Orcish Mines
 35372 | Orc:2    | Found a staircase to the Elven Halls.
 36379 | Orc:2    | Offered knowledge of Poisonous Cloud by Vehumet.
 36925 | Orc:2    | Found Guj Bacu's Distillery.
 36925 | Orc:2    | Found Dagiur's Distillery.
 36939 | Orc:2    | Found Zeuxkyla's Gadget Emporium.
 36939 | Orc:2    | Found Keach's Food Boutique.
 37098 | Orc:2    | Bought a potion of heal wounds for 75 gold pieces
 37098 | Orc:2    | Bought a potion of agility for 60 gold pieces
 37107 | Orc:2    | Bought 2 potions of curing for 84 gold pieces
 37107 | Orc:2    | Bought a potion of curing for 42 gold pieces
 37107 | Orc:2    | Bought a potion of heal wounds for 70 gold pieces
 37107 | Orc:2    | Bought a potion of might for 56 gold pieces
 37107 | Orc:2    | Bought a potion of heal wounds for 70 gold pieces
 37431 | Shoals:1 | Entered Level 1 of the Shoals
 37501 | Shoals:1 | Reached skill level 1 in Polearms
 37506 | Shoals:1 | Noticed Josephine
 37520 | Lair:2   | Killed Josephine
 38208 | Shoals:1 | Noticed Roxanne
 38215 | Shoals:1 | Killed Roxanne
 38231 | Shoals:1 | Noticed Nikola
 39142 | Shoals:1 | You are sucked into a shaft!
 39361 | Shoals:2 | Reached XP level 17. HP: 77/114 MP: 32/35
 39656 | Shoals:2 | Found Inenwuecs's Gadget Shoppe.
 40826 | Shoals:1 | Found Jaitar's Gadget Shoppe.
 40999 | Shoals:1 | Killed Nikola
 40999 | Shoals:1 | Reached skill level 5 in Fire Magic
 41349 | Shoals:2 | Noticed Polyphemus
 41359 | Shoals:2 | Killed Polyphemus
 42108 | Shoals:2 | Offered knowledge of Ozocubu's Refrigeration by Vehumet.
 42787 | Shoals:3 | Reached ****** piety under Vehumet
 42949 | Shoals:3 | Reached skill level 15 in Spellcasting
 43167 | Shoals:3 | Noticed TheSquall's ghost (adept MiFi)
 44294 | Shoals:3 | Killed TheSquall's ghost
 45138 | Shoals:4 | Entered Level 4 of the Shoals
 45242 | Shoals:4 | Offered knowledge of Delayed Fireball by Vehumet.
 45349 | Shoals:4 | Reached XP level 18. HP: 122/122 MP: 37/37
 45599 | Shoals:4 | Noticed loom's ghost (veteran GrBe)
 46394 | Shoals:4 | Killed loom's ghost
 46567 | Shoals:4 | Got a barnacled rune of Zot
 47251 | Shoals:4 | Identified the Almanac of Enthralling Black Arts
 47323 | Shoals:4 | Got a slimy demon blade
 47328 | Shoals:4 | Identified the +7 demon blade "Zigo" {vamp, rN+} (You found it on level 4 of the Shoals)
 47448 | Shoals:4 | Got a smoking spear {pierce}
 47448 | Shoals:4 | Got a jewelled leather armour
 47481 | Shoals:4 | Identified the +10 spear of Calculation {pierce, rN+} (You took it off a merfolk aquamancer on level 4 of the Shoals)
 47482 | Shoals:4 | Identified the +3 leather armour of Icsyips {Regen+ Slay+2} (You took it off a merfolk aquamancer on level 4 of the Shoals)
 47926 | Shoals:4 | Noticed Ilsuiw
 48582 | Shoals:3 | Reached skill level 5 in Polearms
 48647 | Shoals:4 | Killed Ilsuiw
 49655 | Spider:1 | Entered Level 1 of the Spider Nest
 49780 | Spider:1 | Noticed Azrael
 49787 | Spider:1 | Killed Azrael
 50220 | Spider:1 | Offered knowledge of Lehudib's Crystal Spear by Vehumet.
 50220 | Spider:1 | Offered knowledge of Chain Lightning by Vehumet.
 50220 | Spider:1 | Offered knowledge of Tornado by Vehumet.
 50989 | Spider:1 | Reached XP level 19. HP: 128/128 MP: 37/38
 52484 | Orc:1    | Bought a meat ration for 55 gold pieces
 52484 | Orc:1    | Bought a beef jerky for 16 gold pieces
 52484 | Orc:1    | Bought 5 fruits for 82 gold pieces
 52484 | Orc:1    | Bought a beef jerky for 16 gold pieces
 52484 | Orc:1    | Bought a meat ration for 55 gold pieces
 52484 | Orc:1    | Bought a bread ration for 55 gold pieces
 52484 | Orc:1    | Bought a bread ration for 55 gold pieces
 52484 | Orc:1    | Bought a meat ration for 55 gold pieces
 52534 | Elf:1    | Entered Level 1 of the Elven Halls
 52596 | Elf:1    | Slain by a halberd of freezing

Skill      XL: |  1  2  3  4  5  6  7  8  9 10 11 12 13 14 15 16 17 18 19 |
---------------+----------------------------------------------------------+-----
Earth Magic    | 4 6 7 8 9 10 11 12 13 14 | 14.6
Spellcasting   | 3 5 6 7 8 9 10 11 12 13 14 15 | 15.8
Conjurations   | 1 3 4 5 6 7 8 9 10 11 12 13 | 13.1
Armour         | 2 4 5 7 8 9 10 11 12 | 12.6
Fighting       | 2 4 5 7 8 9 10 11 12 | 12.5
Maces & Flails | 2 3 5 6 7 8 9 |  9.4
Dodging        | 2 3 4 5 6 7 8 9 |  9.8
Fire Magic     | 4 6 8 |  8.9
Polearms       | 1 4 5 |  5.5
Stealth        | |  2.1
Transmutations | |  0.7

Action                   |  1- 3 |  4- 6 |  7- 9 | 10-12 | 13-15 | 16-18 | 19-21 || total
-------------------------+-------+-------+-------+-------+-------+-------+-------++-------
Melee: Mace              |    82 |   167 |   178 |   531 |    88 |       |       ||  1046
       Short sword       |       |       |    40 |       |       |       |       ||    40
       Halberd           |       |       |       |       |   728 |   482 |    63 ||  1273
       Battleaxe         |       |       |       |       |     8 |       |       ||     8
       Staff             |       |       |       |       |    31 |       |       ||    31
Throw: Javelin           |       |       |       |       |       |     9 |       ||     9
       Stone             |       |       |       |       |       |     1 |       ||     1
 Cast: Sandblast         |    11 |     6 |    31 |       |       |       |       ||    48
       Stone Arrow       |       |     2 |    53 |   163 |    56 |    17 |     1 ||   292
       Lee's Rapid Decon |       |       |    11 |    49 |    74 |    81 |     4 ||   219
       Bolt of Magma     |       |       |       |    17 |   206 |   242 |     1 ||   466
       Iron Shot         |       |       |       |     2 |    47 |   431 |    35 ||   515
       Repel Missiles    |       |       |       |       |     2 |     8 |       ||    10
       Irradiate         |       |       |       |       |     2 |     2 |       ||     4
       Mephitic Cloud    |       |       |       |       |       |     7 |       ||     7
 Abil: Fly               |       |       |       |       |       |     1 |       ||     1
Evoke: Wand              |       |       |     6 |       |     1 |     8 |       ||    15
  Use: Scroll            |     9 |     5 |     7 |    12 |    15 |    14 |     5 ||    67
       Potion            |       |     3 |     1 |     5 |    15 |    24 |     5 ||    53
 Stab: Sleeping          |     2 |     6 |       |     2 |     6 |     1 |       ||    17
       Distracted        |       |       |       |     1 |       |     1 |       ||     2
       Invisible         |       |       |       |       |     1 |     3 |       ||     4
  Eat: Chunk             |     1 |     6 |     2 |    40 |    43 |    70 |       ||   162
       Beef jerky        |       |       |     1 |     1 |     5 |     3 |       ||    10
       Pizza             |       |       |     1 |     1 |     1 |    12 |       ||    15
       Royal jelly       |       |       |     2 |       |       |       |       ||     2
       Bread ration      |       |       |     3 |       |     1 |     3 |     1 ||     8
       Fruit             |       |       |       |     5 |    18 |       |     5 ||    28
       Meat ration       |       |       |       |       |     2 |       |       ||     2
Armor: Robe              |    48 |    77 |   160 |   158 |   162 |       |       ||   605
       Leather armour    |       |       |       |   214 |   725 |   782 |   115 ||  1836
Dodge: Dodged            |    83 |   135 |   225 |   461 |  1078 |   913 |    73 ||  2968
       Deflected         |       |       |       |       |     6 |    33 |     1 ||    40
